Map: King Sejong Station LE

Players

llllllllllll - Winner!

  • Race: Zerg Zerg
  • League: Master

Miszu

  • Race: Terran Terran
  • League: Grandmaster

VOD

Have the link to the VOD?

Description

Time

  • Played on: May 30, 2016, 5:04 p.m.
  • Length: 15:45
Show
View Real Time Build Order
Export as new Build Order

llllllllllll Zerg - Winner!

Build Orders: Hatch First 

Get SALT Encoding   

  12  0:00  Drone  
  13  0:08  Drone  
  14  0:17  Overlord  
  14  0:22  Extractor  
  14  0:23  Drone  
  16  0:35  Drone x2  
  17  0:54  Hatchery  
  17  0:56  Drone  
  17  0:59  Drone  
  18  1:13  Spawning Pool  
  18  1:16  Drone  
  18  1:19  Drone  
  19  1:27  Drone  
  20  1:42  Hatchery  
  19  1:48  Overlord  
  19  1:51  Drone  
  20  2:00  Queen  
  22  2:06  Zergling x2  
  22  2:07  Zergling x2  
  24  2:17  Queen  
  24  2:19  Drone  
  24  2:21  Drone  
  28  2:28  Drone x2  
  30  2:41  Queen  
  32  2:44  Drone x2  
  32  2:45  Drone  
  32  2:48  Drone  
  36  2:53  Queen  
  36  2:57  Extractor  
  36  2:58  Extractor  
  36  2:59  Drone  
  36  3:05  Queen  
  37  3:09  Overlord  
  37  3:12  Drone  
  40  3:13  Drone  
  41  3:24  Overlord  
  41  3:27  Drone  
  41  3:29  Drone x4  
  41  3:33  Overlord  
  46  3:41  Drone x3  
  49  3:46  Metabolic Boost  
  49  3:54  Drone x4  
  53  4:05  Drone, Evolution Chamber  
  53  4:06  Drone x2, Evolution Chamber  
  55  4:10  Drone x3  
  57  4:19  Overlord  
  57  4:22  Spore Crawler  
  56  4:24  Zergling x2  
  56  4:25  Zergling x10  
  56  4:31  Zerg Ground Armor Level 1  
  62  4:35  Zergling x2, Zerg Melee Weapons Level 1  
  62  4:36  Zergling x4  
  65  4:45  Overlord  
  65  4:47  Drone  
  65  4:48  Zergling x8  
  65  4:49  Zergling x2  
  71  5:01  Overlord  
  71  5:02  Zergling x2  
  71  5:03  Zergling x14  
  71  5:04  Zergling x2  
  78  5:18  Zergling x2  
  78  5:19  Zergling x6  
  76  5:28  Zergling x2  
  76  5:29  Zergling x10  
  76  5:35  Drone x5  
  85  5:36  Lair  
  85  5:48  Hatchery  
  84  5:56  Drone x5  
  89  5:57  Overlord x2  
  89  5:59  Extractor  
  89  6:00  Extractor  
  87  6:12  Overlord  
  87  6:13  Overlord, Hatchery  
  87  6:16  Zergling x14  
  93  6:32  Drone x3  
  92  6:33  Overlord, Drone x2  
  92  6:38  Zerg Ground Armor Level 2, Zerg Melee Weapons Level 2  
  92  6:42  Infestation Pit  
  92  6:46  Zergling x4  
  92  6:47  Zergling x12  
  93  6:53  Overlord  
  92  6:57  Drone x2  
  92  7:00  Drone  
  95  7:02  Drone x3  
  98  7:12  Zergling x2  
  98  7:13  Zergling x14  
  105  7:29  Zergling x8  
  104  7:30  Zergling x10  
  93  7:45  Hive  
  93  7:49  Zergling x14  
  93  7:50  Zergling x16  
  108  8:02  Drone x4  
  112  8:06  Zergling x8  
  112  8:07  Zergling x2, Spine Crawler  
  112  8:08  Spine Crawler  
  112  8:09  Spine Crawler  
  114  8:13  Spine Crawler x2  
  114  8:14  Spine Crawler x2  
  114  8:16  Burrow  
  101  8:27  Spine Crawler  
  101  8:29  Spine Crawler  
  101  8:30  Zergling x22  
  101  8:43  Spine Crawler  
  91  8:49  Infestor x2  
  91  8:50  Infestor  
  91  8:55  Zergling x6  
  87  8:56  Zergling x28  
  101  9:08  Adrenal Glands  
  90  9:11  Zergling x2, Ultralisk Cavern  
  90  9:12  Zergling x10  
  93  9:27  Infestor x2  
  87  9:39  Zergling x20  
  74  10:00  Chitinous Plating  
  74  10:01  Ultralisk  
  80  10:16  Ultralisk  
  86  10:30  Ultralisk  
  98  10:50  Ultralisk  
  83  11:22  Zergling x12  
  83  11:23  Hatchery  
  80  11:34  Zergling x4  
  81  11:48  Zergling x2  
  81  11:49  Zergling x2  
  82  11:57  Ultralisk  
  82  12:01  Infestor  
  82  12:02  Infestor  
  82  12:04  Infestor x3  
  86  12:15  Zergling x10  
  91  12:27  Extractor, Zergling x2  
  91  12:28  Zergling x4  
  77  12:45  Zergling x4  
  78  13:03  Drone x3  
  74  13:14  Infestor x2  
  74  13:15  Zergling x8  
  74  13:16  Zergling x4  
  74  13:19  Drone x5  
  71  13:37  Infestor x2  
  75  13:42  Hatchery  
  74  13:52  Ultralisk  
  74  13:54  Extractor  
  79  13:58  Zergling x2  
  79  13:59  Zergling x8  
  83  14:29  Zergling x2  
  83  14:30  Zergling x20  
  84  14:33  Infestor  
  81  14:56  Spire, Drone x4  
  81  14:57  Drone x2  
  86  15:07  Infestor x4  
  86  15:11  Zergling x2  
  86  15:12  Zergling x8  
Show
View Real Time Build Order
Export as new Build Order

Miszu Terran 

Build Orders: Reaper Expand, MMM Bio 

Get SALT Encoding   

  12  0:00  SCV  
  13  0:13  SCV  
  14  0:18  Supply Depot  
  14  0:25  SCV  
  15  0:39  SCV  
  15  0:41  Barracks  
  16  0:44  Refinery  
  16  0:52  SCV  
  17  1:04  SCV  
  18  1:19  SCV  
  19  1:29  Reaper  
  19  1:31  Orbital Command  
  20  1:41  Command Center  
  20  1:53  Supply Depot  
  20  1:57  SCV  
  21  2:02  Marine  
  21  2:08  Factory  
  22  2:11  SCV  
  23  2:21  Barracks Reactor  
  23  2:23  SCV  
  24  2:35  SCV  
  25  2:41  Command Center  
  24  2:47  SCV  
  25  2:53  Orbital Command  
  25  2:59  SCV  
  25  3:04  Hellion  
  25  3:05  Hellion  
  30  3:07  Barracks Tech Lab  
  30  3:11  SCV  
  31  3:19  SCV  
  32  3:23  SCV  
  32  3:25  Marine, Barracks  
  32  3:26  Stimpack  
  34  3:31  SCV  
  34  3:33  Refinery  
  35  3:35  SCV  
  35  3:37  Factory Reactor  
  36  3:43  Marine, SCV  
  36  3:48  SCV  
  39  3:54  Orbital Command  
  39  3:55  SCV  
  40  4:00  SCV  
  40  4:01  Barracks  
  41  4:07  Marine, SCV  
  43  4:13  SCV  
  43  4:14  Engineering Bay x2  
  44  4:19  Refinery x2, SCV  
  44  4:20  SCV  
  47  4:28  Marine  
  47  4:29  SCV, Factory Reactor  
  48  4:31  SCV  
  48  4:33  Marine x2  
  48  4:37  SCV  
  52  4:41  SCV  
  52  4:42  Terran Infantry Weapons Level 1, Terran Infantry Armor Level 1  
  52  4:43  SCV  
  54  4:46  Supply Depot  
  54  4:52  Starport  
  55  4:54  Marine x2  
  55  4:56  Supply Depot  
  55  4:57  Marine x3  
  60  5:06  SCV x2  
  61  5:11  Orbital Command  
  61  5:12  Marine x2  
  63  5:15  Factory Reactor  
  63  5:18  Marine x3  
  63  5:19  Supply Depot  
  66  5:21  Barracks  
  66  5:24  Barracks  
  66  5:26  SCV x2  
  66  5:27  Combat Shields  
  63  5:30  Marine  
  63  5:32  Marine  
  57  5:36  Marine x3  
  60  5:43  Medivac  
  60  5:44  Medivac  
  60  5:48  Marine  
  65  5:50  Marine  
  65  5:53  Marine  
  65  5:54  Marine x2  
  65  5:55  Armory  
  69  6:05  Marine  
  69  6:06  Orbital Command  
  69  6:08  Marine  
  71  6:11  Supply Depot, Barracks Reactor x2, Marine x2  
  71  6:12  Supply Depot  
  71  6:14  Medivac x2  
  77  6:23  Marine x2  
  79  6:26  Marine  
  79  6:29  Marine x2  
  79  6:31  SCV x2  
  79  6:32  SCV  
  85  6:38  Bunker  
  81  6:41  Marine x2  
  81  6:43  SCV  
  81  6:44  Marine  
  81  6:46  SCV  
  81  6:47  Marine, SCV  
  87  6:50  Supply Depot x2  
  87  6:55  SCV  
  87  6:56  Bunker  
  87  6:57  Marine x3  
  87  7:00  Terran Infantry Armor Level 2, Terran Infantry Weapons Level 2  
  91  7:02  SCV  
  91  7:04  SCV  
  91  7:07  SCV  
  94  7:11  Supply Depot  
  94  7:14  Supply Depot, SCV  
  95  7:16  SCV  
  96  7:25  Supply Depot  
  89  7:43  SCV x2  
  91  7:45  Supply Depot  
  91  7:47  SCV  
  91  7:48  Supply Depot  
  91  7:49  Marine x3  
  91  7:50  Marine x5  
  91  7:51  Marine  
  101  7:52  Medivac x2  
  101  7:55  SCV x2  
  107  7:59  SCV  
  108  8:07  SCV x2  
  108  8:08  Barracks  
  108  8:09  Command Center  
  108  8:10  Marine, Barracks  
  108  8:11  Marine x4, Marauder, SCV  
  108  8:12  Barracks  
  118  8:19  Marine x2  
  119  8:20  Marine  
  118  8:31  Marine x5  
  118  8:32  Marauder  
  113  8:37  Marine x3  
  100  8:48  Marine  
  100  8:49  Marine x3  
  100  8:50  Marine  
  102  8:58  Marine  
  102  9:01  Marine  
  102  9:02  Medivac x2  
  101  9:11  Marine  
  101  9:12  Marine x6  
  101  9:16  Marine  
  109  9:19  Marine, Command Center  
  109  9:23  Bunker  
  110  9:29  Marine x5  
  110  9:30  Marauder  
  117  9:32  Medivac  
  105  9:48  Command Center  
  105  9:49  Marine  
  105  9:50  Marine x7  
  113  9:59  Marine  
  114  10:03  Terran Infantry Armor Level 3  
  114  10:07  Marine  
  114  10:09  Marine  
  116  10:16  Marine x2  
  116  10:17  Marine x4, Marauder  
  124  10:25  Marine  
  124  10:27  Marine  
  125  10:34  Marine x2  
  125  10:35  Marine x3  
  129  10:39  Marauder  
  129  10:41  SCV  
  129  10:42  SCV  
  127  10:51  Marine  
  127  10:53  SCV  
  127  10:54  SCV  
  130  11:00  Marauder  
  95  11:14  Marine x8  
  95  11:18  Barracks, Widow Mine x2  
  102  11:22  Marauder  
  92  11:32  Marine  
  86  11:42  Liberator x2  
  86  11:43  Marauder  
  77  12:00  Marine x4  
  77  12:01  Marine x4  
  91  12:04  Marauder  
  92  12:18  Marine x4  
  96  12:26  Marauder  
  96  12:28  Orbital Command  
  70  12:54  Marauder  
  68  13:02  Marine  
  68  13:03  Marine x6  
  66  13:06  Orbital Command  
  62  13:15  Marauder  
  62  13:21  Marine, Liberator  
  63  13:34  Liberator  
  63  13:36  Marauder  
  71  13:58  Marauder  
  73  14:07  Orbital Command  
  73  14:08  Marine  
  73  14:09  Marine x5  
  79  14:18  SCV  
  79  14:19  Marauder  
  77  14:37  Liberator x2  
  75  14:40  Marauder  
  73  14:46  Marine  
  73  14:47  Marine x2  
  76  15:02  Marine, Marauder  
  76  15:03  Marine x3  
  76  15:04  Refinery x2  
  82  15:10  Orbital Command  
  82  15:11  Orbital Command  
  82  15:18  Marine x2  
  82  15:20  Marine  
  85  15:23  Marauder  
  85  15:24  Marine  
  85  15:25  Marine  
Tags
 
Add a new tag
Caveats
  • Supply blocks, unpowered buildings, or Contaminate may cause inaccurate times.
  • Supply counts are checked every 10 seconds.